 Dungeon Crawl Stone Soup version 0.32-a0-42-ga30500b4d3 (webtiles) character file.

Game seed: 1459091150953537997

4729 Rexy the Blocker (level 10, -7/120 HPs)
             Began as a Merfolk Fighter on Jan 31, 2024.
             Was a Priest of Okawaru.
             Killed from afar by Erica (9 damage)
             ... with a bolt of poison
             ... on level 8 of the Dungeon.
             The game lasted 00:33:38 (9839 turns).

Rexy the Blocker (Merfolk Fighter)                  Turns: 9839, Time: 00:33:39

Health: -7/120     AC: 25    Str: 20    XL:     10   Next: 46%
Magic:  10/10      EV: -1    Int:  8    God:    Okawaru [***...]
Gold:   967        SH: 13    Dex: 14    Spells: 9/9 levels left

rFire   . . .        b - +6 spear (venom)
rCold   . . .        c - +2 buckler
rNeg    . . .        f - melded +0 chain mail
rPois   +            (helmet currently unavailable)
rElec   .            o - melded +2 cloak {Stlth+}
rCorr   .            v - melded +0 pair of gloves
SInv    .            j - melded +1 pair of boots
Will    +....        w - amulet of reflection
Stlth   +            l - ring of willpower
HPRegen 0.40/turn    (no ring)
MPRegen 0.12/turn

%: reflection
@: lethally poisoned (-7 -> -47), tree-form, constricted
A: stationary, stasis, torment immunity, boosted hp, (nimble swimmer 2),
(mertail)
a: Renounce Religion, Heroism


You were on level 8 of the Dungeon.
You worshipped Okawaru.
Okawaru was most pleased with you.
You were a tree.
You visited 2 branches of the dungeon, and saw 9 of its levels.
You also visited: Ossuary and Bailey.

You collected 967 gold pieces.

Inventory:

Hand Weapons
 b - a +6 spear of venom (weapon)
   (You took it off a gnoll sergeant on level 6 of the Dungeon)
 k - the +0 halberd of Inconvenience {freeze, Str+8}
   (You found it in a bailey)

   Str+8:     It affects your strength (+8).
Missiles
 r - a throwing net {=f, !d}
Armour
 c - a +2 buckler (worn)
 f - a +0 chain mail (melded)
   (You found it on level 1 of the Dungeon)
 j - a +1 pair of boots (melded)
   (You found it on level 2 of the Dungeon)
 o - a +2 cloak of stealth (melded)
   (You found it on level 4 of the Dungeon)
 v - a +0 pair of gloves (melded)
   (You found it on level 8 of the Dungeon)
Jewellery
 l - a ring of willpower (left branch)
   (You found it on level 2 of the Dungeon)
 w - an amulet of reflection (around neck)
   (You found it in an ossuary)
Scrolls
 d - a scroll of amnesia
 p - a scroll of vulnerability {!r!r}
 t - a scroll of teleportation {!r!d, @r3}
Potions
 e - 3 potions of enlightenment
 m - a potion of attraction {!q}
 n - 2 potions of mutation {!q}
 q - 2 potions of magic


   Skills:
 + Level 8.2 Fighting
 + Level 9.1 Polearms
 + Level 5.5 Armour
 * Level 10.0 Shields
 * Level 0.8 Invocations


You had 9 spell levels left.
You didn't know any spells.
Your spell library contained the following spells:

 Spells                   Type           Power      Damage    Failure   Level
 Apportation              Tloc           0%         N/A       45%         1
 Freeze                   Ice            0%         1d3       45%         1
 Magic Dart               Conj           0%         1d3       45%         1
 Blink                    Tloc           0%         N/A       58%         2
 Jinxbite                 Hex            0%         N/A       58%         2
 Lesser Beckoning         Tloc           0%         N/A       58%         2
 Momentum Strike          Conj/Tloc      0%         3d8       58%         2
 Frozen Ramparts          Ice            0%         1d1       83%         3
 Hailstorm                Conj/Ice       0%         3d5       83%         3
 Leda's Liquefaction      Alch/Erth      0%         N/A       99%         4
 Alistair's Intoxication  Alch           0%         N/A       100%        5
 Lee's Rapid Deconstruct  Erth           0%         3d4*      100%        5
 Bombard                  Conj/Erth      0%         9d1       100%        6
 Call Imp                 Summ           Unusable   N/A       N/A         2

Dungeon Overview and Level Annotations

Branches:
Dungeon (8/15) Zot: 26516  Temple (1/1) D:5 Zot: 5972 Ossuary (visited)
 Bailey (visited)
   Lair: D:8-11

Altars:
Ashenzari
Cheibriados
Dithmenos
Fedhas
Gozag
Hepliaklqana
Makhleb
Nemelex Xobeh
Okawaru
Qazlal
Ru
Trog
Wu Jian
Xom
Yredelemnul

Annotations:
D:7 3 runed translucent doors, ranchalot's ghost, novice MiFi
D:8 Erica


Innate Abilities, Weirdness & Mutations

You are a tree.
Your roots penetrate the ground, keeping you stationary.
You cannot be teleported.
You are immune to unholy pain and torment.
Your maximum health is greatly increased.
Your equipment is partially melded.
((You are very nimble when in or above water. (Stealth+, EV+, Speed+++)))
((Your lower body shifts to a powerful aquatic tail in water.))


Message History

You feel yourself speed up. You block Erica's attack. Erica constricts you.
You closely miss Erica. You block Erica's attack. Erica constricts you.
You take 1 damage, and have 50/80 hp.
You hit Erica.
Erica looks as sick as possible!
Erica casts a spell.
Erica flickers and vanishes!
Deactivating autopickup; reactivate with Ctrl-A.
You are constricted.
You miss something. You miss something.
You hear some strange, mumbled words.
A bolt of poison appears from out of thin air!
The bolt of poison hits you!
You are poisoned.
You are constricted.
You take 6 damage, and have 44/80 hp.
You closely miss something.
You feel very sick. Something hits you but does no damage.
You are constricted.
You take 8 damage, and have 36/80 hp.
You miss something.
You feel sick.
You take 2 damage, and have 34/80 hp.
You feel much better.
You feel very sick. Something hits you but does no damage.
You are constricted.
You regained 24 hp, and now have 58/80 hp.
You barely miss something.
You feel sick. Something hits you but does no damage.
You are constricted.
You take 2 damage, and have 56/80 hp.
You completely miss something.
You feel sick. You block something's attack.
You are constricted.
You take 5 damage, and have 51/80 hp.
You closely miss something.
You feel sick.
You take 1 damage, and have 50/80 hp.
Reach: b) +6 spear (venom)
Press: ? - help, Dir - move target, f - you That would be overly suicidal.
Okay, then.
Reach: b) +6 spear (venom)
Press: ? - help, Dir - move target You miss something.
You feel sick.
You hear some strange, mumbled words.
A bolt of poison appears from out of thin air!
The bolt of poison hits you.
You are more poisoned.
You are constricted.
You take 5 damage, and have 45/80 hp.
Reach: b) +6 spear (venom)
Press: ? - help, Dir - move target You barely miss something.
You feel very sick.
You hear some strange, mumbled words.
A bolt of poison appears from out of thin air!
The bolt of poison hits you!
You are lethally poisoned!
You are constricted.
You take 17 damage, and have 28/80 hp.
MASSIVE DAMAGE!!
Reach: b) +6 spear (venom)
Press: ? - help, Dir - move target You puncture something!
* * * LOW HITPOINT WARNING * * *
You feel extremely sick.
You take 6 damage, and have 22/80 hp.
Really quaff
i - a potion of lignification {!q}?
Really quaff the potion of lignification?
You turn into a tree.
Your +2 cloak of stealth melds into your body.
Your +0 pair of gloves melds into your body.
Your +1 pair of boots melds into your body.
Your +0 chain mail melds into your body.
You feel less stealthy.
Your roots penetrate the ground.
* * * LOW HITPOINT WARNING * * *
You feel extremely sick. You block something's attack.
You are constricted.
* * * LOW HITPOINT WARNING * * *
You now have 22/120 hp.
Okay, then.
As you read the scroll of revelation, it crumbles to dust.
You feel aware of your surroundings.
* * * LOW HITPOINT WARNING * * *
You feel very sick. Erica casts a spell at you. The bolt of poison hits you!
You resist.
* * * LOW HITPOINT WARNING * * *
Erica constricts you.
You take 14 damage, and have 8/120 hp.
Really read
u - a scroll of immolation {!r}?
Really read the scroll of immolation?
As you read the scroll of immolation {!r}, it crumbles to dust.
The creatures around you are filled with an inner flame!
* * * LOW HITPOINT WARNING * * *
You feel very sick.
Flame seeps out of something. x2
You hear some strange, mumbled words.
A bolt of poison appears from out of thin air!
The bolt of poison hits you!
You are more poisoned.
You resist.
You die...

*#..# **,,,****,,*****,*******
#..# ##...####..####*,* #.[#
##...####..####*,* #..#
##...####..####*,* #..#
##...####......,,*
##..#######...####......,,*
..............####......,,*
*****
##..........#.####.....#***
*,,,, .#...#######....♣{.....#
*,***
.#.#.#........#.....####*****,*
.#.#.#.####..##.##..%...,,,**,*
.#.#...#....###.##......,,,**,*
.#.#...#.######.##......,,,**,*
.#.#.#...######.##......,,,**,*
.#.#.#..######.....#####*****,*
.#.#.#.#######.....##### *,***
.#.#..>.# *,,,,,* *,,,,


There were no monsters in sight!

Vanquished Creatures
  Pikel (D:7)
  Joseph (D:7)
  Jeremiah (D:7)
  Grinder (D:4)
  A water moccasin (D:5)
  2 orc warriors (Bailey)
  2 ice beasts (D:6)
  2 ogres (D:3 D:5)
  2 centaurs (D:5 D:6)
  A lemure (D:7)
  A phantom (D:5)
  6 kobold brigands (Bailey D:7 D:8)
  4 bullfrogs (D:6 D:7)
  A gnoll sergeant (D:6)
  3 scorpions (D:6 D:7)
  2 water moccasin zombies (D:7)
  3 wights (D:6)
  3 bullfrog zombies (Ossuary)
  4 hounds (D:3 D:4 D:6)
  5 jellies (D:5 D:7)
  5 orc priests (D:3 D:5 D:7 D:8)
  A gnoll bouda (D:7)
  Jessica (D:3)
  8 mummies (Ossuary)
  6 orc wizards (D:3 D:4 D:5 D:7)
  3 iguanas (D:5)
  4 crocodile zombies (Ossuary)
  5 hound zombies (Ossuary)
  A howler monkey zombie (Ossuary)
  3 adders (D:3 D:5)
  11 gnolls (D:5 D:6 D:7)
  A shadow imp (D:5)
  A white imp (D:8)
  2 ufetubi (D:5)
  A dart slug (D:1)
  2 ribbon worms (D:2)
  32 orcs (D:3 D:4 D:5 D:6 D:7)
  4 ball pythons (D:1 D:4)
  7 bats (D:1 D:2)
  2 endoplasms (D:1 D:4)
  4 giant cockroaches (D:1 D:2)
  14 goblins (D:1 D:2 D:3)
  3 hobgoblins (D:1)
  3 jackals (D:4)
  26 kobolds (D:1 D:2 D:3 Bailey D:7)
  3 quokkas (D:1 D:2)
  6 ball python zombies (Ossuary)
  4 frilled lizards (D:1 D:3)
  4 rats (D:1 D:3)
213 creatures vanquished.

Notes
Turn   | Place    | Note
-------+----------+-------------------------------------------
     0 | D:1      | Rexy the Merfolk Fighter began the quest for the Orb.
     0 | D:1      | Reached XP level 1. HP: 18/18 MP: 1/1
    84 | D:1      | Reached XP level 2. HP: 24/24 MP: 2/2
   139 | D:1      | Reached skill level 3 in Polearms
   165 | D:1      | HP: 12/24 [hobgoblin (3)]
   553 | D:1      | Reached XP level 3. HP: 28/29 MP: 3/3
  1139 | D:2      | Found a faded altar of an unknown god.
  1973 | D:3      | Reached skill level 4 in Shields
  1973 | D:3      | Reached XP level 4. HP: 27/37 MP: 4/4
  1977 | D:3      | HP: 16/37 [orc/+0 flail (6)]
  1981 | D:3      | HP: 7/37 [orc/+0 hand axe (2)]
  1981 | D:3      | HP: 1/37 [orc/+0 flail (6)]
  1987 | D:3      | elongatedgoose: wOMeN
  2250 | D:3      | Noticed Jessica
  2258 | D:3      | Reached skill level 4 in Fighting
  2258 | D:3      | Reached XP level 5. HP: 42/42 MP: 5/5
  2263 | D:3      | Killed Jessica
  2264 | D:3      | Reached skill level 4 in Polearms
  2359 | D:3      | Noticed an ogre
  2360 | D:3      | Rexy: oh hello
  2377 | D:3      | HP: 21/42 [ogre/+0 giant club (14)]
  2378 | D:3      | elongatedgoose: spec my game if u want ill be tere if u
                  | wanna bug me :P
  2381 | D:3      | HP: 9/42 [ogre/+0 giant club (13)]
  2383 | D:3      | Killed an ogre
  2384 | D:3      | Reached XP level 6. HP: 12/49 MP: 6/6
  2614 | D:3      | Rexy: k
  2614 | D:3      | Rexy: wdym bug u
  2614 | D:3      | Rexy: ):<>
                  | ERROR: string above had unterminated tag
  2735 | D:3      | Reached skill level 3 in Armour
  3073 | D:4      | Reached skill level 5 in Shields
  3118 | D:4      | elongatedgoose: lmfao
  3134 | D:4      | Noticed Grinder
  3149 | D:4      | Killed Grinder
  3150 | D:4      | Reached skill level 5 in Polearms
  3150 | D:4      | Reached XP level 7. HP: 48/55 MP: 7/7
  3231 | D:4      | Reached skill level 5 in Fighting
  3457 | D:5      | Entered Level 5 of the Dungeon
  3479 | D:5      | Reached skill level 6 in Shields
  3649 | D:5      | HP: 21/56 [acid (8)]
  3654 | D:5      | Reached XP level 8. HP: 17/63 MP: 8/8
  3654 | D:5      | elongatedgoose: look at my game!
  3810 | D:5      | elongatedgoose: look
  4203 | D:5      | Found an opulent altar of Gozag.
  4203 | D:5      | Found a sparkling altar of Nemelex Xobeh.
  4330 | D:5      | Reached skill level 6 in Polearms
  4460 | D:5      | Found a staircase to the Ecumenical Temple.
  4473 | D:5      | Reached skill level 6 in Fighting
  4473 | D:5      | Reached skill level 4 in Armour
  4473 | D:5      | Reached skill level 7 in Shields
  4478 | Temple   | Entered the Ecumenical Temple
  4495 | Temple   | Became a worshipper of Warmaster Okawaru
  4727 | D:6      | HP: 29/64 [ice beast (8)]
  4732 | D:6      | HP: 23/64 [poisoned by a gnoll sergeant]
  4735 | D:6      | HP: 9/64 [poisoned by a gnoll sergeant]
  4740 | D:6      | HP: 4/64 [poisoned by a gnoll sergeant]
  4810 | D:6      | HP: 21/64 [bullfrog (2)]
  5012 | D:6      | Reached XP level 9. HP: 70/71 MP: 9/9
  5026 | D:6      | Reached skill level 7 in Polearms
  5349 | D:6      | elongatedgoose: whats shakin bacon
  5358 | D:6      | Reached * piety under Okawaru
  5359 | D:6      | Rexy: never fucking say that again
  5359 | D:6      | Rexy: please
  5378 | D:6      | Reached skill level 8 in Shields
  5436 | D:6      | elongatedgoose: XD
  5497 | D:6      | Rexy: idk why I am asking you
  5497 | D:6      | Rexy: what I am about to ask you
  5497 | D:6      | elongatedgoose: do it
  5497 | D:6      | Rexy: considering you are probably the type of person to be
                  | in highschool and date a 5th grader but-
  5497 | D:6      | elongatedgoose: huhhhhhhh
  5497 | D:6      | elongatedgoose: huhhhhhhhh
  5497 | D:6      | Rexy: you think I got a chance to ask someone out if I am 3
                  | years younger than them?
  5656 | D:6      | Found a broken altar of Ashenzari.
  5808 | D:6      | Rexy: holy shit
  5808 | D:6      | elongatedgoose: how old r u?
  5808 | D:6      | Rexy: I am [no]
  5808 | D:6      | elongatedgoose: i cant give my opinion then sorry
  5808 | D:6      | Rexy: ?????
  5808 | D:6      | elongatedgoose: if idk how old u are i cant weigh in on the
                  | delima
  5808 | D:6      | Rexy: we are both in highschool because they were held back
                  | a grade
  5911 | D:6      | elongatedgoose: ok
  5927 | D:6      | elongatedgoose: but
  5991 | D:6      | elongatedgoose: im 18
  6120 | D:6      | elongatedgoose: if i were to date a 15 year old
  6120 | D:6      | elongatedgoose: its just wrong
  6121 | D:6      | Rexy: erm
  6121 | D:6      | Rexy: yeah nvm
  6121 | D:6      | elongatedgoose: sorry
  6121 | D:6      | Rexy: nonono
  6121 | D:6      | Rexy: it's not about that
  6121 | D:6      | Rexy: just
  6121 | D:6      | Rexy: yeah
  6121 | D:6      | Rexy: nvm
  6163 | D:6      | Found a blossoming altar of Fedhas.
  6248 | D:6      | elongatedgoose: dont do crimes
  6252 | D:6      | Rexy: aren't most ppls parents like 8 years apart or sum
                  | lol
  6264 | D:6      | Rexy: sweet home California
  6376 | D:6      | elongatedgoose: thatd diffrent
  6376 | D:6      | Rexy: yes I know that's not correct
  6514 | D:6      | Rexy: mmmm
  6534 | D:6      | Rexy: idk
  6652 | D:6      | elongatedgoose: they usually meet while like fully adults
  6652 | D:6      | Rexy: honestly if ur in the same grade range I think it's
                  | fin
  6652 | D:6      | Rexy: fine
  6652 | D:6      | Rexy: all I am asking is if I have a chance
  6658 | D:6      | elongatedgoose: like 20-28 year olds is normal
  6659 | D:6      | elongatedgoose: 18 and 10 is a crime
  6659 | D:6      | Rexy: no shit
  6659 | D:6      | Rexy: also wait
  6659 | D:6      | Rexy: they are 2 years older
  6659 | D:6      | Rexy: not 3
  6659 | D:6      | Rexy: 17
  6659 | D:6      | Rexy: 15
  6664 | D:6      | elongatedgoose: hmm
  6664 | D:6      | Rexy: forgor they were junior
  6671 | D:6      | elongatedgoose: sure try it
  6671 | D:6      | elongatedgoose: your 15?
  6671 | D:6      | Rexy: well not now
  6671 | D:6      | Rexy: yes
  6671 | D:6      | Rexy: I can't right now
  6671 | D:6      | elongatedgoose: ...
  6671 | D:6      | elongatedgoose: you
  6671 | D:6      | elongatedgoose: kinda lied
  6671 | D:6      | Rexy: yes Ik wa wa wa I am bitch ik
  6694 | D:7      | elongatedgoose: eh whatever
  6694 | D:7      | Rexy: LOL
  6694 | D:7      | Rexy: 2 SPECIAL ENTRANCES IN 1 FLOOR
  6694 | D:7      | Rexy: THAT'S LIKE 1/5000 CHANCE
  6703 | D:7      | Found a sand-covered staircase.
  6711 | D:7      | Noticed Jeremiah
  6722 | Ossuary  | Entered an ossuary
  6795 | Ossuary  | elongatedgoose: nice
  6821 | Ossuary  | Rexy: also 2 rare entrances too
  6822 | Ossuary  | Rexy: but yea
  6822 | Ossuary  | Rexy: basically I see the girl every week in
  6822 | Ossuary  | Rexy: well
  6822 | Ossuary  | Rexy: I am basically the most anti social person IRL ever
  6822 | Ossuary  | Rexy: and my parents no likey
  6822 | Ossuary  | Rexy: so they put me in fucking "social group"
  6822 | Ossuary  | Rexy: where I met her
  6897 | Ossuary  | elongatedgoose: give it a shot
  6897 | Ossuary  | elongatedgoose: but dont be upset if they dont recopricate
  6897 | Ossuary  | Rexy: buddy I've seen and been with her only like 3 or 4
                  | times
  6897 | Ossuary  | Rexy: don't worry
  6897 | Ossuary  | Rexy: I have a backup woman
  6897 | Ossuary  | Rexy: LOL
  6897 | Ossuary  | Rexy: that sounds bad
  6962 | Ossuary  | Reached skill level 7 in Fighting
  6999 | Ossuary  | elongatedgoose: oh god lmfao
  7015 | Ossuary  | Rexy: aaaaaaaaaaaaaaaaaaaaaaaa
  7048 | Ossuary  | Rexy: cuz I do dnd
  7048 | Ossuary  | Rexy: met someone else there
  7048 | Ossuary  | elongatedgoose: dnd woooo
  7048 | Ossuary  | Rexy: and that original person does it too
  7048 | Ossuary  | elongatedgoose: dnd person infinty better
  7048 | Ossuary  | Rexy: frfr
  7056 | Ossuary  | elongatedgoose: what class and race?
  7087 | Ossuary  | Rexy: originally some legacy class
  7087 | Ossuary  | Rexy: like bird
  7087 | Ossuary  | Rexy: arakocra
  7087 | Ossuary  | Rexy: I believe
  7087 | Ossuary  | Rexy: for race
  7087 | Ossuary  | elongatedgoose: thassa race
  7087 | Ossuary  | elongatedgoose: epuc
  7087 | Ossuary  | Rexy: and I think
  7087 | Ossuary  | Rexy: uhhh
  7087 | Ossuary  | Rexy: idr class lol
  7087 | Ossuary  | elongatedgoose: :O
  7087 | Ossuary  | elongatedgoose: L
  7087 | Ossuary  | Rexy: but since we are all starting at lvl 1 again I
                  | printed new sheet from website
  7087 | Ossuary  | Rexy: so now I believe i'm a dragonborne stealther?
  7087 | Ossuary  | elongatedgoose: id reccomend artificer
  7087 | Ossuary  | elongatedgoose: stealther.... isnt a class?
  7087 | Ossuary  | Rexy: ik
  7087 | Ossuary  | Rexy: I'm saying I stealth
  7087 | Ossuary  | elongatedgoose: rouge monk ranger all do stealth
  7087 | Ossuary  | elongatedgoose: do artificer
  7087 | Ossuary  | Rexy: pretty sure class if thief or rogue
  7087 | Ossuary  | elongatedgoose: they fucking rock
  7087 | Ossuary  | Rexy: yes
  7087 | Ossuary  | elongatedgoose: thief is a subclass
  7087 | Ossuary  | Rexy: ah
  7087 | Ossuary  | elongatedgoose: of rouge
  7087 | Ossuary  | Rexy: yes
  7087 | Ossuary  | elongatedgoose: if you playing 5e
  7087 | Ossuary  | Rexy: 5e
  7087 | Ossuary  | Rexy: what
  7125 | Ossuary  | elongatedgoose: im assuming 5e because its all i know
  7141 | Ossuary  | elongatedgoose: dnd 5e
  7141 | Ossuary  | Rexy: oh
  7143 | Ossuary  | elongatedgoose: fifth edition
  7160 | Ossuary  | Rexy: ye
  7161 | Ossuary  | Rexy: I think
  7161 | Ossuary  | Rexy: idr
  7258 | Ossuary  | elongatedgoose: play an artificer stealthing boi
  7264 | Ossuary  | elongatedgoose: its possible
  7266 | Ossuary  | Rexy: lol
  7266 | Ossuary  | elongatedgoose: you can straight up become ironman
  7266 | Ossuary  | Rexy: also I think I'm
  7266 | Ossuary  | Rexy: well
  7266 | Ossuary  | Rexy: i'm trying to remember what type of DB I am
  7266 | Ossuary  | elongatedgoose: db?
  7266 | Ossuary  | Rexy: some lightning type
  7266 | Ossuary  | Rexy: dragonborne
  7266 | Ossuary  | elongatedgoose: oh
  7266 | Ossuary  | elongatedgoose: color
  7266 | Ossuary  | Rexy: funni lil dragon boi
  7266 | Ossuary  | Rexy: color
  7266 | Ossuary  | Rexy: yes
  7266 | Ossuary  | Rexy: that's what I meant
  7266 | Ossuary  | elongatedgoose: eh color dont matter mych
  7266 | Ossuary  | Rexy: uh yea?
  7266 | Ossuary  | Rexy: it determines what you gain resistance to and what
                  | you can breath
  7266 | Ossuary  | Rexy: I think I might be a bronze color
  7266 | Ossuary  | Rexy: or color "bronze"
  7266 | Ossuary  | elongatedgoose: yea its not horrible important later on but
                  | is stil cool
  7266 | Ossuary  | Rexy: ye
  7267 | Ossuary  | elongatedgoose: play artificer for me
  7272 | Ossuary  | Rexy: ??
  7272 | Ossuary  | elongatedgoose: ill give ya a highfive
  7284 | Ossuary  | elongatedgoose: class
  7284 | Ossuary  | Rexy: tf
  7284 | Ossuary  | Rexy: no
  7284 | Ossuary  | elongatedgoose: its a class
  7298 | D:7      | elongatedgoose: you make magic gadgets and gizmos abd are
                  | cool
  7355 | D:7      | elongatedgoose: like a lil robot man
  7374 | D:7      | Found a flagged portal.
  7380 | D:7      | elongatedgoose: or a big robot man
  7387 | Bailey   | Entered a bailey
  7400 | Bailey   | elongatedgoose: or an ironman suit
  7400 | Bailey   | Rexy: no
  7400 | Bailey   | elongatedgoose: :(
  7400 | Bailey   | Rexy: hehe
  7400 | Bailey   | elongatedgoose: you can sneak
  7400 | Bailey   | Rexy: okay we are so off the point now lol
  7410 | Bailey   | elongatedgoose: nu uh
  7437 | Bailey   | Reached ** piety under Okawaru
  7467 | Bailey   | Rexy: yes
  7660 | Bailey   | Reached skill level 8 in Polearms
  7688 | Bailey   | Found a bloodstained altar of Trog.
  7696 | Bailey   | Reached skill level 5 in Armour
  7707 | Bailey   | elongatedgoose: nioooouh
  7708 | Bailey   | Reached skill level 9 in Shields
  7713 | Bailey   | Identified the +0 halberd of Inconvenience {freeze, Str+8}
  7750 | Bailey   | Rexy: yeeeeeeeeeeeeeeeeeeeeeeeeeeeeeeeeeeeeeeeee
  7750 | Bailey   | elongatedgoose: men
  7750 | Bailey   | Rexy: the point is I need to wait longer and actually get
                  | to know her a bit more before I make *any* moves
  7750 | Bailey   | Rexy: buut
  7750 | Bailey   | elongatedgoose: buttt?
  7750 | Bailey   | Rexy: that doesn't mean I can't flirt like hell. At least
                  | not obviously
  7750 | Bailey   | elongatedgoose: XD
  7750 | Bailey   | Rexy: can't make it too obvious or I will push her away
  7750 | Bailey   | Rexy: I'ma fucking RIZZ
  7750 | Bailey   | Rexy: I hate myself now
  7750 | Bailey   | elongatedgoose: yo same
  7750 | Bailey   | elongatedgoose: ive got 2 ppl too
  7750 | Bailey   | Rexy: I am not degenerating myself to gen-alpha levels
  7750 | Bailey   | Rexy: nice
  7758 | Bailey   | elongatedgoose: co worker and a classmate
  7758 | Bailey   | elongatedgoose: :P
  7758 | Bailey   | Rexy: ah interesting
  7758 | Bailey   | Rexy: well at least you see both of them quite often
  7758 | Bailey   | Rexy: I always fucking miss being w/ her
  7758 | Bailey   | elongatedgoose: mhm
  7761 | Bailey   | elongatedgoose: awww
  7761 | Bailey   | elongatedgoose: imma say this and dont take it weird
  7761 | Bailey   | Rexy: what?
  7791 | D:7      | elongatedgoose: but cutie mssing ur crush
  7791 | D:7      | Rexy: ?
  7791 | D:7      | Rexy: ?????????????????????
  7791 | D:7      | Rexy: what
  7791 | D:7      | elongatedgoose: lmao
  7791 | D:7      | elongatedgoose: :P
  7791 | D:7      | Rexy: idk what u said
  7791 | D:7      | Rexy: it doesn't make sense
  7801 | D:7      | HP: 33/72 [Jeremiah/divine providence (16)]
  7849 | D:7      | elongatedgoose: when u said u miss being with her it was
                  | cute
  7929 | D:7      | Rexy: oh
  7929 | D:7      | Rexy: eh fair
  7929 | D:7      | TheSexyCheese: yo
  7929 | D:7      | elongatedgoose: i wish u the best of luck with them both
  7929 | D:7      | elongatedgoose: cheese cutie
  7929 | D:7      | TheSexyCheese: bruh
  7929 | D:7      | Rexy: also for some reason I keep having crushes on people
                  | with some mental disability
  7929 | D:7      | Rexy: ifkw
  7929 | D:7      | Rexy: idfkw
  7929 | D:7      | Rexy: and trust me
  7929 | D:7      | elongatedgoose: whyd u stop dming me u cheesy boi
  7929 | D:7      | Rexy: she is
  7929 | D:7      | Rexy: well
  7929 | D:7      | Rexy: a lot
  7929 | D:7      | elongatedgoose: hmm
  7929 | D:7      | Rexy: tf
  7929 | D:7      | elongatedgoose: cheeseeeeeeeeeeeeeee
  7929 | D:7      | Rexy: jesus christ cheese where tf u come from
  7985 | D:7      | elongatedgoose:
                  | cheeseeeeeeeeeeeeeeeeeeeeeeeeeeeeeeeeeeeeeeeeeeeeeeeeeeeeee
                  | eee
  7985 | D:7      | TheSexyCheese: hell
  7985 | D:7      | Rexy: oopsies
  7985 | D:7      | elongatedgoose: dm me rn
  7985 | D:7      | Rexy: so real
  7998 | D:7      | TheSexyCheese: rexy you on discord
  8004 | D:7      | TheSexyCheese: ?
  8007 | D:7      | elongatedgoose: or
  8007 | D:7      | Rexy: DIE BITCH
  8007 | D:7      | Rexy: nah
  8007 | D:7      | elongatedgoose: wanna folllow my insta cheese?
  8007 | D:7      | Rexy: I don't have any electronic screen device :)
  8007 | D:7      | TheSexyCheese: sure dm it to me
  8007 | D:7      | Rexy: other than Tv
  8007 | D:7      | Rexy: well I do
  8007 | D:7      | TheSexyCheese: i wont remember it
  8007 | D:7      | Rexy: just not actively
  8007 | D:7      | elongatedgoose: elongated.goose
  8011 | D:7      | Rexy: DIE YOU MF
  8012 | D:7      | HP: 25/66 [Jeremiah/divine providence (13)]
  8013 | D:7      | Killed Jeremiah
  8014 | D:7      | Reached XP level 10. HP: 28/79 MP: 10/10
  8015 | D:7      | Rexy: thx
  8372 | D:7      | elongatedgoose: Lol
  8410 | D:7      | Noticed Joseph
  8412 | D:7      | Rexy: lol
  8412 | D:7      | Rexy: stupid-looking hat
  8412 | D:7      | TheSexyCheese: that butterfly guy is awful
  8412 | D:7      | Rexy: hehe
  8412 | D:7      | Rexy: fr
  8425 | D:7      | elongatedgoose: cheese add me rn
  8426 | D:7      | elongatedgoose: rn!
  8433 | D:7      | elongatedgoose: or else
  8446 | D:7      | Killed Joseph
  8529 | D:7      | TheSexyCheese: im in class
  8532 | D:7      | elongatedgoose: idgaf
  8532 | D:7      | TheSexyCheese: SHUT
  8532 | D:7      | Rexy: children, children, be polite
  8561 | D:7      | Rexy: lol
  8575 | D:7      | TheSexyCheese: wish we had a gc with the dcss players lol
  8577 | D:7      | Noticed Pikel
  8578 | D:7      | TheSexyCheese: rexy was the pnly one not in it
  8578 | D:7      | elongatedgoose: fr ong
  8578 | D:7      | Rexy: cheese u wanna see my insane rc file?
  8578 | D:7      | TheSexyCheese: indeed
  8578 | D:7      | Rexy: rc?
  8578 | D:7      | Rexy: rc??
  8578 | D:7      | beem: Resist cold (see {resistance}), scroll of {remove
                  | curse}, or crawl.rc {rcfile}, the configuration file.
  8578 | D:7      | Rexy: I forgot what it was
  8578 | D:7      | Rexy: uhhhhhhh
  8578 | D:7      | Rexy: ?rc
  8578 | D:7      | Rexy: ??rc
  8578 | D:7      | beem: rc[1/1]: Resist cold (see {resistance}), scroll of
                  | {remove curse}, or crawl.rc {rcfile}, the configuration
                  | file.
  8578 | D:7      | Rexy: gr
  8578 | D:7      | Rexy: what is it
  8578 | D:7      | Rexy: bruh
  8578 | D:7      | TheSexyCheese: i dont remember
  8578 | D:7      | elongatedgoose: cheese u wanna talk abt cute guys?
  8578 | D:7      | Rexy: yo can one of yall check if particleface is online?
  8578 | D:7      | TheSexyCheese: later lol
  8578 | D:7      | TheSexyCheese: gtg
  8578 | D:7      | Rexy: aw
  8578 | D:7      | Rexy: seeya
  8578 | D:7      | TheSexyCheese: class
  8578 | D:7      | TheSexyCheese: cya
  8591 | D:7      | Killed Pikel
  8592 | D:7      | Reached skill level 8 in Fighting
  8700 | D:7      | Rexy: anyways
  8700 | D:7      | Rexy: so
  8700 | D:7      | Rexy: she has like 10 mental problems lol
  8700 | D:7      | Rexy: u still there goose?
  8700 | D:7      | elongatedgoose: oop
  8700 | D:7      | elongatedgoose: thats more than meeeeeeeee
  8700 | D:7      | Rexy: lol
  8700 | D:7      | Rexy: lets see
  8700 | D:7      | Rexy: she has ADHD, Supposedly "autism" but not serious
                  | "heavy" autism, and dyslexia
  8700 | D:7      | Rexy: those are the main ones
  8700 | D:7      | Rexy: also when I say not heavy autism I mean she acts like
                  | a normal human being
  8700 | D:7      | elongatedgoose: have they been tested for both?
  8700 | D:7      | Rexy: NO OFFENSE TO AUTISTIC PEOPLE I SWEAR TO GO
  8700 | D:7      | Rexy: not sure
  8700 | D:7      | Rexy: if not offically then def fake
  8700 | D:7      | Rexy: people love self diagnosing
  8809 | D:7      | elongatedgoose: i dont agree with ppl self diagnosing their
                  | disorders
  8813 | D:7      | HP: 39/80 [gnoll bouda/+0 whip (7)]
  8814 | D:7      | Reached skill level 9 in Polearms
  8815 | D:7      | elongatedgoose: i personally
  8819 | D:7      | elongatedgoose: have been diagnosed with ADHD
  8821 | D:7      | Rexy: same
  8821 | D:7      | Rexy: we are the lesser autistic
  8971 | D:7      | Found a runed translucent gate.
  8971 | D:7      | Found a runed translucent gate.
  8971 | D:7      | Found a runed translucent gate.
  8971 | D:7      | Noticed ranchalot's ghost (novice MiFi)
  8973 | D:7      | Found a basalt altar of Yredelemnul.
  9112 | D:7      | Reached skill level 10 in Shields
  9154 | D:7      | elongatedgoose: adhd isnt the same as autism
  9154 | D:7      | Rexy: they are similar
  9181 | D:7      | Reached *** piety under Okawaru
  9195 | D:7      | elongatedgoose: no
  9259 | D:7      | Rexy: yes?
  9305 | D:7      | Rexy: autism can affect attention
  9305 | D:7      | elongatedgoose: adhd is a failure of your brain to regulate
                  | what you can spend time on
  9305 | D:7      | Rexy: only difference is that there isn't any magical pills
                  | that make u focus
  9305 | D:7      | elongatedgoose: *facepalms*
  9305 | D:7      | Rexy: buddy pulled that out from the dictionary
  9373 | D:8      | elongatedgoose: no i pulled it from my own problems
  9489 | D:8      | Rexy: ah
  9731 | D:8      | elongatedgoose: adhd and autism arent similar
  9731 | D:8      | Rexy: tbh anyone playing dcss while in class has adhd lol
  9766 | D:8      | elongatedgoose: XD
  9815 | D:8      | Noticed Erica
  9818 | D:8      | Rexy: ew
  9828 | D:8      | HP: 40/80 [poisoned by Erica (bolt of poison)]
  9835 | D:8      | HP: 30/80 [something/bolt of poison (11)]
  9837 | D:8      | Rexy: FUUUUUUUUUUUUUUUUUUUUUUUUUUUUU
  9838 | D:8      | Rexy: IF I DIE YOURE COMIN WITH ME!
  9838 | D:8      | HP: 8/120 [Erica/bolt of poison (9)]
  9839 | D:8      | HP: 2/120 [poisoned by Erica (bolt of poison)]
  9839 | D:8      | Killed from afar by Erica

Illustrated notes

Levels and vault maps discovered:
D:1:      heliophobic_arrival_henge, layout_basic,
          wander_ebering_terrifying_dragon_lair
D:2:      layout_loops_corners, shapermc_ecumenical_altar_mp_vishouse,
          lightli_corner_chamber
D:3:      layout_basic, minmay_ogre_servants, uniq_jessica
D:4:      layout_rooms, uniq_grinder
D:5:      layout_rooms, grunt_temple_overflow_opulence,
          minmay_temple_entry_fiery, serial_glass, glass_columns_b,
          glass_columns_a, guppyfry_early_orc_mine
D:6:      layout_layer_cave, marbit_many_paths, fedhas_altar_1
D:7:      layout_basic, nicolae_yredelemnul_ghost_church,
          nicolae_ossuary_entry_monument, enter_bailey_2, uniq_joseph,
          uniq_pikel, uniq_jeremiah
D:8:      layout_basic, grunt_ministairs_4, uniq_erica
Temple:   nicolae_temple_ecumenical_triangle

Skill      XL: |  1  2  3  4  5  6  7  8  9 10 |
---------------+-------------------------------+-----
Polearms       | 3 4 5 6 8 9 |  9.1
Shields        | 4 5 6 7 9 10 | 10.0
Fighting       | 4 5 6 7 8 |  8.2
Armour         | 3 4 5 |  5.5
Invocations    | |  0.8

Action                     |  1- 3 |  4- 6 |  7- 9 | 10-12 || total
---------------------------+-------+-------+-------+-------++-------
  Melee: Trident           |   131 |    87 |   231 |       ||   449
         Spear             |       |       |   225 |   149 ||   374
         Tailslap          |       |       |     7 |       ||     7
  Evoke: Wand              |       |     2 |    23 |       ||    25
    Use: Scroll            |     9 |     5 |    14 |     3 ||    31
         Potion            |     1 |     3 |     8 |     6 ||    18
   Stab: Distracted        |     1 |       |       |       ||     1
         Invisible         |       |     3 |     1 |       ||     4
 Armour: Scale mail        |    13 |       |       |       ||    13
         Chain mail        |    79 |    47 |   293 |    89 ||   508
         Skin              |       |       |       |     2 ||     2
  Dodge: Dodged            |    39 |    31 |   114 |    36 ||   220
  Block: Buckler           |    37 |    25 |   150 |    86 ||   298
         Reflection        |       |       |     2 |     5 ||     7

Table legend: (Time is in decaauts)
 A = Elapsed time spent in this place.
 B = Non-inter-level travel time spent in this place.
 C = Inter-level travel time spent in this place.
 D = Time resting spent in this place.
 E = Time spent auto-exploring this place.
 F = Levels seen in this place.
 G = Mean time per level.
                   A        B        C        D        E       F      G
               +--------+--------+--------+--------+--------+-----+--------+
         Total |   9723 |   9462 |    261 |   1446 |   6221 |  11 |  883.9 |
       Dungeon |   8833 |   8578 |    255 |   1259 |   5836 |   8 | 1104.1 |
        Temple |     27 |     21 |      6 |      0 |      0 |   1 |   27.0 |
       Ossuary |    497 |    497 |      0 |      0 |    326 |   1 |  497.0 |
        Bailey |    365 |    365 |      0 |    186 |     59 |   1 |  365.0 |
               +--------+--------+--------+--------+--------+-----+--------+

Top non-repeatable levels by time:
     D:6: 2031 daAuts
     D:7: 1644 daAuts
     D:3: 1117 daAuts
     D:5: 1116 daAuts
     D:2: 1094 daAuts
     D:1: 852 daAuts
 Ossuary: 497 daAuts
     D:4: 494 daAuts
     D:8: 482 daAuts
  Bailey: 365 daAuts
  Temple: 27 daAuts

Levels and vault maps discovered:
D:1:      heliophobic_arrival_henge, layout_basic,
          wander_ebering_terrifying_dragon_lair
D:2:      layout_loops_corners, shapermc_ecumenical_altar_mp_vishouse,
          lightli_corner_chamber
D:3:      layout_basic, minmay_ogre_servants, uniq_jessica
D:4:      layout_rooms, uniq_grinder
D:5:      layout_rooms, grunt_temple_overflow_opulence,
          minmay_temple_entry_fiery, serial_glass, glass_columns_b,
          glass_columns_a, guppyfry_early_orc_mine
D:6:      layout_layer_cave, marbit_many_paths, fedhas_altar_1
D:7:      layout_basic, nicolae_yredelemnul_ghost_church,
          nicolae_ossuary_entry_monument, enter_bailey_2, uniq_joseph,
          uniq_pikel, uniq_jeremiah
D:8:      layout_basic, grunt_ministairs_4, uniq_erica
Temple:   nicolae_temple_ecumenical_triangle

Table legend: (Time is in decaauts)
 A = Elapsed time spent in this place.
 B = Non-inter-level travel time spent in this place.
 C = Inter-level travel time spent in this place.
 D = Time resting spent in this place.
 E = Time spent auto-exploring this place.
 F = Levels seen in this place.
 G = Mean time per level.
                   A        B        C        D        E       F      G
               +--------+--------+--------+--------+--------+-----+--------+
         Total |   9723 |   9462 |    261 |   1446 |   6221 |  11 |  883.9 |
       Dungeon |   8833 |   8578 |    255 |   1259 |   5836 |   8 | 1104.1 |
        Temple |     27 |     21 |      6 |      0 |      0 |   1 |   27.0 |
       Ossuary |    497 |    497 |      0 |      0 |    326 |   1 |  497.0 |
        Bailey |    365 |    365 |      0 |    186 |     59 |   1 |  365.0 |
               +--------+--------+--------+--------+--------+-----+--------+

Top non-repeatable levels by time:
     D:6: 2031 daAuts
     D:7: 1644 daAuts
     D:3: 1117 daAuts
     D:5: 1116 daAuts
     D:2: 1094 daAuts
     D:1: 852 daAuts
 Ossuary: 497 daAuts
     D:4: 494 daAuts
     D:8: 482 daAuts
  Bailey: 365 daAuts
  Temple: 27 daAuts

Table legend:
 A = Kills in this place as a percentage of kills in the entire game.
 B = Kills by you in this place as a percentage of kills by you in the entire game.
 C = Kills by friends in this place as a percentage of kills by friends in the entire game.
 D = Other kills in this place as a percentage of other kills in the entire game.
 E = Experience gained in this place as a percentage of experience gained in the entire game.
 F = Experience gained in this place divided by the number of levels of this place that you have seen.
                   A       B       C       D       E      F
               +-------+-------+-------+-------+-------+----------------------
         Total | 100.0 | 100.0 |   N/A |   N/A | 100.0 | 614.2
       Dungeon |  80.2 |  80.2 |   N/A |   N/A |  80.7 | 681.8
       Ossuary |  12.7 |  12.7 |   N/A |   N/A |   9.2 | 623.0
        Bailey |   7.1 |   7.1 |   N/A |   N/A |  10.1 | 679.0
               +-------+-------+-------+-------+-------+----------------------
